Map: Beckett Industries LE

Players

ViBE - Winner!

  • Race: Zerg Zerg
  • League: Diamond

Mat

  • Race: Zerg Zerg
  • League: Diamond

VOD

Have the link to the VOD?

Description

Time

  • Played on: April 10, 2021, 8:41 p.m.
  • Length: 12:25
Show
View Real Time Build Order
Export as new Build Order

ViBE Zerg - Winner!

Build Orders: Pool First 

Get SALT Encoding   

  12  0:18  Spawning Pool  
  11  0:22  Drone  
  11  0:27  Drone  
  13  0:31  Drone  
  14  0:41  Overlord  
  14  1:05  Zergling x6  
  17  1:19  Hatchery  
  17  1:20  Zergling x2  
  17  1:28  Zergling x2  
  18  1:34  Queen  
  20  1:50  Zergling x4  
  22  2:13  Overlord  
  20  2:24  Drone  
  21  2:30  Queen  
  21  2:34  Drone x3  
  26  2:47  Drone  
  26  2:48  Drone x3  
  28  2:52  Drone  
  29  3:01  Extractor  
  29  3:02  Queen  
  29  3:04  Drone x2  
  32  3:13  Drone  
  33  3:24  Drone  
  33  3:25  Overlord  
  34  3:34  Drone x2  
  36  3:39  Spine Crawler  
  36  3:40  Drone  
  35  3:44  Drone x4  
  35  3:45  Drone x2  
  39  3:49  Roach Warren  
  39  3:50  Evolution Chamber  
  39  3:54  Evolution Chamber  
  36  3:58  Zergling x4  
  38  4:06  Zergling x4  
  36  4:15  Evolution Chamber  
  35  4:22  Drone x2  
  35  4:23  Drone x5  
  42  4:30  Queen  
  44  4:41  Evolution Chamber  
  43  4:50  Drone  
  44  4:53  Overlord x3  
  44  4:56  Lair  
  44  4:59  Extractor  
  41  5:01  Drone x3  
  42  5:08  Drone  
  42  5:09  Overlord  
  43  5:18  Drone x3  
  46  5:26  Drone x2  
  46  5:27  Roach x2  
  52  5:31  Extractor  
  51  5:36  Roach  
  53  5:46  Roach x5  
  63  5:52  Evolution Chamber  
  60  6:01  Glial Reconstitution  
  61  6:06  Overlord  
  61  6:07  Overlord  
  61  6:15  Zerg Missile Weapons Level 1  
  61  6:16  Overlord x2  
  61  6:18  Drone  
  62  6:27  Roach x2  
  62  6:28  Roach x2  
  62  6:31  Hatchery  
  69  6:37  Overlord  
  69  6:38  Roach  
  69  6:39  Roach x2  
  75  6:40  Queen  
  75  6:44  Drone  
  75  6:45  Drone x5  
  83  6:54  Drone  
  84  7:03  Drone x2  
  86  7:13  Overlord  
  86  7:14  Overlord  
  86  7:16  Drone x2  
  86  7:17  Drone x2  
  86  7:20  Queen  
  92  7:28  Overlord  
  92  7:33  Extractor  
  91  7:41  Overlord  
  91  7:42  Overlord  
  91  7:43  Drone  
  91  7:44  Drone x3  
  94  7:51  Drone x3  
  98  7:58  Overlord x2  
  98  8:00  Roach  
  98  8:01  Roach x3  
  106  8:10  Roach x3  
  108  8:15  Roach x4  
  108  8:19  Roach  
  104  8:23  Roach  
  104  8:25  Roach x3  
  104  8:26  Roach x3  
  108  8:27  Queen  
  108  8:29  Roach  
  108  8:30  Roach  
  108  8:34  Roach  
  112  8:37  Roach  
  112  8:39  Roach  
  106  8:43  Roach x3  
  106  8:45  Roach  
  112  8:54  Roach x3  
  118  8:57  Zerg Ground Armor Level 1, Zerg Missile Weapons Level 2  
  118  9:01  Roach x4  
  126  9:04  Overlord  
  126  9:06  Roach  
  126  9:09  Hatchery  
  127  9:14  Roach x2  
  125  9:27  Drone x2, Queen  
  125  9:30  Roach x7  
  139  9:36  Roach  
Show
View Real Time Build Order
Export as new Build Order

Mat Zerg 

Build Orders: Hatch First 

Get SALT Encoding   

  12  0:00  Drone  
  13  0:13  Overlord  
  13  0:23  Drone  
  14  0:44  Drone  
  14  0:49  Drone, Hatchery  
  15  0:53  Drone  
  16  0:57  Extractor  
  16  1:00  Drone  
  16  1:10  Drone  
  17  1:20  Spawning Pool  
  17  1:23  Drone  
  17  1:30  Overlord  
  17  1:41  Drone  
  18  2:09  Spine Crawler x2  
  18  2:10  Zergling x6  
  18  2:11  Spine Crawler  
  18  2:12  Zergling x2  
  19  2:19  Metabolic Boost  
  18  2:32  Queen  
  18  2:34  Zergling x2  
  21  2:39  Zergling x2  
  21  2:48  Zergling x2  
  22  2:55  Drone  
  23  3:12  Zergling x2  
  24  3:21  Baneling Nest  
  22  3:43  Zergling x2  
  22  3:44  Zergling x8  
  22  3:45  Hatchery  
  26  3:51  Drone  
  26  4:14  Baneling x4  
  26  4:18  Zergling x6  
  28  4:29  Zergling x4  
  28  4:30  Zergling x2  
  23  4:54  Zergling x4  
  25  5:04  Zergling x6  
  25  5:06  Roach Warren  
  27  5:20  Drone  
  28  5:23  Drone x3  
  31  5:35  Drone  
  31  5:36  Drone x3  
  33  5:50  Zergling x6  
  32  6:01  Drone x2  
  34  6:07  Queen  
  35  6:13  Drone  
  36  6:20  Overlord  
  36  6:25  Overlord x2  
  36  6:39  Lair  
  36  6:59  Roach x7  
  50  7:14  Roach x5  
  60  7:20  Overlord  
  60  7:21  Overlord  
  60  7:40  Zergling x10  
  65  7:46  Zergling x2  
  66  8:01  Zergling x8  
  63  8:13  Roach x3  
  63  8:22  Zergling x6  
  60  8:31  Roach x3  
  54  8:42  Zergling x8  
  52  8:49  Zergling x2  
  53  8:58  Drone  
  54  9:05  Drone  
  54  9:06  Drone  
  56  9:24  Roach x4  
Tags
 
Add a new tag
Caveats
  • Supply blocks, unpowered buildings, or Contaminate may cause inaccurate times.
  • Supply counts are checked every 10 seconds.